 Dungeon Crawl Stone Soup version 0.30-a0-800-g7c544603b3 (webtiles) character file.

Game seed: 8828538442147245803

147 cforsyth the Sneak (level 5, -3/32 HPs)
             Began as a Kobold Brigand on Feb 23, 2023.
             Frozen to death by an endoplasm (5 damage)
             ... on level 4 of the Dungeon.
             The game lasted 00:04:31 (2930 turns).

cforsyth the Sneak (Kobold Brigand)                 Turns: 2930, Time: 00:04:31

Health: -3/32      AC:  3    Str:  8    XL:     5   Next: 55%
Magic:  5/5        EV: 15    Int: 12    God:
Gold:   152        SH:  0    Dex: 19    Spells: 4/4 levels left

rFire   . . .      SeeInvis .    a - +2 dagger
rCold   . . .      Faith    .    (no shield)
rNeg    . . .      Spirit   .    b - +0 robe
rPois   .          Reflect  .    (no helmet)
rElec   .          Harm     .    g - +0 cloak
rCorr   .          Rampage  .    (no gloves)
Will    .....                    (no boots)
Stlth   +++++                    (no amulet)
HPRegen 0.25/turn                (no ring)
MPRegen 0.09/turn                (no ring)

@: no status effects
A: small, no large weapons, nightstalker 3
a: no special abilities


You were on level 4 of the Dungeon.
You visited 1 branch of the dungeon, and saw 4 of its levels.

You collected 170 gold pieces.
You spent 18 gold pieces at shops.

Inventory:

Hand Weapons
 a - a +2 dagger (weapon)
Missiles
 d - 9 poisoned darts (quivered)
 e - 3 curare-tipped darts
Armour
 b - a +0 robe (worn)
 c - a +0 cloak
 g - a +0 cloak (worn)
Jewellery
 t - a ring of resist corrosion
 v - a +6 ring of dexterity
 y - a ring of protection from fire
 z - a ring of protection from fire
Scrolls
 h - 11 scrolls of identify {unknown}
 k - a scroll of vulnerability {unknown}
 l - a scroll of torment {unknown}
 n - a scroll of blinking {unknown}
 u - 2 scrolls of immolation {unknown}
 w - a scroll of enchant armour {unknown}
 x - a scroll of teleportation {unknown}
 A - a scroll of fear {unknown}
 B - a scroll of noise {unknown}
Potions
 f - a potion of haste {unknown}
 i - 2 potions of invisibility {unknown}
 j - a potion of curing {unknown}
 m - 2 potions of brilliance {unknown}
 o - a potion of flight {unknown}
 p - a potion of lignification {unknown}
 q - 2 potions of might {unknown}
 r - 2 potions of mutation {unknown}
 s - a potion of magic {unknown}


   Skills:
 + Level 3.4 Fighting
 + Level 4.2 Short Blades
 - Level 2.1 Throwing
 + Level 3.0 Dodging
 + Level 6.4 Stealth


You had 4 spell levels left.
You didn't know any spells.
Your spell library contained the following spells:

 Spells                   Type           Power      Damage    Failure   Level
 Scorch                   Fire           0%         2d5       45%         2
 Flame Wave               Conj/Fire      0%         2d4       97%         4
 Summon Cactus Giant      Summ           0%         N/A       100%        6


Dungeon Overview and Level Annotations

Branches:
Dungeon (4/15)
 Temple: D:4-7

Altars:

Shops:
D:1 [*(:=

Annotations:
D:3 3 runed translucent doors


Innate Abilities, Weirdness & Mutations

You are small and have problems with some larger weapons.
You are completely attuned to the shadows.


Message History

An endoplasm comes into view.
The endoplasm moves out of view.
An ogre comes into view. It is wielding a +0 giant club.
The ogre shouts!
The endoplasm quivers.
The endoplasm freezes you.
You are frozen.
You hit the ogre.
The ogre is lightly wounded.
The endoplasm closely misses you. The ogre barely misses you.
You barely miss the ogre.
The ogre is lightly wounded.
The endoplasm freezes you.
You are frozen.
You hit the ogre.
The ogre is lightly wounded.
The ogre closely misses you.
You barely miss the ogre.
The ogre is lightly wounded.
The endoplasm closely misses you.
You barely miss the ogre.
The ogre is lightly wounded.
The endoplasm freezes you.
You are frozen.
The ogre misses you.
You hit the ogre.
The ogre is moderately wounded.
The endoplasm freezes you.
You are frozen.
You hit the ogre.
The ogre is moderately wounded.
The ogre hits you with a +0 giant club!
* * * LOW HITPOINT WARNING * * *
The endoplasm barely misses you.
You are too injured to fight recklessly!
You are too injured to fight recklessly!
The endoplasm attacks as you move away! The endoplasm hits you.
* * * LOW HITPOINT WARNING * * *
The endoplasm freezes you.
You are frozen.
You die...

#.###..### # ###..#.. #####
###>...... ..... #.#.#..#.#
#.... ###.#.#..#.# #..#.# #....
.........#.####..#. #....
........<..........#.# #....
###.#....#.## #..#.#.# #.)..
..........# #.@#.#.# #....
##.#..#.....##J.#.#.# #....
#.#..#.#.#...O.....########....
#.#.....#........'....
####$.#.########....
#..#.............
##..############# .. #.#


You could see an ogre and an endoplasm.

Vanquished Creatures
  Terence (D:2)
  4 adders
  2 worms (D:2)
  A dart slug (D:1)
  4 orcs
  13 bats
  4 endoplasms
  3 giant cockroaches
  5 goblins
  6 hobgoblins
  2 quokkas
  7 ball pythons
  7 frilled lizards
  7 kobolds
  5 rats
71 creatures vanquished.

Notes
Turn   | Place    | Note
-------+----------+-------------------------------------------
     0 | D:1      | cforsyth the Kobold Brigand began the quest for the Orb.
     0 | D:1      | Reached XP level 1. HP: 12/12 MP: 1/1
   104 | D:1      | Found Tiarig's Jewellery Shoppe.
   163 | D:1      | Reached XP level 2. HP: 18/18 MP: 2/2
   178 | D:1      | Found Ivuid's Book Shop.
   523 | D:1      | Found Neniyny's Assorted Antiques.
   566 | D:1      | Reached XP level 3. HP: 22/22 MP: 3/3
   567 | D:1      | Bought a scroll labelled TUGOIL CIEF for 18 gold pieces
   583 | D:1      | Found Ixkianoirph's Antique Armour Shoppe.
   764 | D:1      | Found Umogam's Weapon Shoppe.
  1139 | D:2      | HP: 1/22 [frozen (2)]
  1416 | D:2      | Noticed Terence
  1419 | D:2      | Killed Terence
  1420 | D:2      | Reached skill level 6 in Stealth
  1420 | D:2      | Reached XP level 4. HP: 28/28 MP: 4/4
  1739 | D:2      | Reached XP level 5. HP: 32/32 MP: 5/5
  2166 | D:3      | Found a faded altar of an unknown god.
  2385 | D:3      | Found a runed translucent gate.
  2386 | D:3      | Found a runed translucent gate.
  2387 | D:3      | Found a runed translucent gate.
  2920 | D:4      | Noticed an ogre
  2930 | D:4      | Frozen to death by an endoplasm

Illustrated notes

Levels and vault maps discovered:
D:1:      nagdon_arrival_zigzag_paths, layout_basic, serial_shops,
          nicolae_shop_trees, nicolae_shop_trees, nicolae_shop_advertising_works
          [nicolae_subvault_shop_adworks], nicolae_shop_crystal,
          nicolae_shop_waterfront, nicolae_hexahallways
D:2:      layout_basic, patterned_corridor, uniq_terence
D:3:      layout_basic, hellmonk_ecumenical_altar_lost_god, gammafunk_ghost_icy
D:4:      layout_basic, ebering_ghost_sewer_d

Skill      XL: |  1  2  3  4  5 |
---------------+----------------+-----
Short Blades   | 3 4 |  4.2
Dodging        | 2 3 |  3.0
Fighting       | 3 |  3.4
Stealth        | 6 |  6.4
Throwing       | |  2.1

Action                     |  1- 3 |  4- 6 || total
---------------------------+-------+-------++-------
  Melee: Dagger            |    80 |    69 ||   149
   Stab: Sleeping          |    12 |    22 ||    34
         Distracted        |     1 |     3 ||     4
 Armour: Robe              |    11 |     3 ||    14
  Dodge: Dodged            |    42 |    36 ||    78

Table legend: (Time is in decaauts)
 A = Elapsed time spent in this place.
 B = Non-inter-level travel time spent in this place.
 C = Inter-level travel time spent in this place.
 D = Time resting spent in this place.
 E = Time spent auto-exploring this place.
 F = Levels seen in this place.
 G = Mean time per level.
                   A        B        C        D        E       F      G
               +--------+--------+--------+--------+--------+-----+--------+
         Total |   2904 |   2814 |     90 |     72 |   2294 |   4 |  726.0 |
       Dungeon |   2904 |   2814 |     90 |     72 |   2294 |   4 |  726.0 |
               +--------+--------+--------+--------+--------+-----+--------+

Top non-repeatable levels by time:
     D:1: 1151 daAuts
     D:2: 944 daAuts
     D:3: 674 daAuts
     D:4: 134 daAuts
